 Dungeon Crawl Stone Soup version 0.13-a0-2305-ge00d11d (webtiles) character file.

90 Bloax the Slasher (level 3, -2/29 HPs)
             Began as a Djinni Fighter on July 9, 2013.
             Killed by divine providence
             ... invoked by an orc priest
              (13 damage)
             ... on Level 3 of the Dungeon.
             The game lasted 00:03:36 (1007 turns).

Bloax the Slasher (Djinni Fighter)                  Turns: 1007, Time: 00:03:36

HP  -2/29        AC  6     Str 17      XL: 3   Next: 62%
MP   0/0         EV  6     Int  8      God:
Gold 37          SH 18     Dex 12      Spells:  0 memorised,  2 levels left

Res.Fire  : + + +   See Invis. : .   a - +0 falchion
Res.Cold  : x . .   Warding    : .   b - +0 scale mail
Life Prot.: + + +   Conserve   : .   c - +0 shield
Res.Poison: .       Res.Corr.  : .   (no helmet)
Res.Elec. : .       Clarity    : .   (no cloak)
Sust.Abil.: . .     Spirit.Shd : .   (no gloves)
Res.Mut.  : .       Stasis     : .   (boots unavailable)
Res.Rott. : .       Flight     : .   (no amulet)
Saprovore : . . .                    (no ring)
                                     (no ring)

@: not resistant to hostile enchantments, extremely unstealthy
A: no striking features
a: no special abilities


You were on level 3 of the Dungeon.
You were not hungry.

You visited 1 branch of the dungeon, and saw 3 of its levels.

You collected 17 gold pieces.


Innate Abilities, Weirdness & Mutations

You are immune to all types of fire, even holy and hellish.
You are vulnerable to cold.
You need no food.
You have no legs.
You are agile (Dex +1).
Your muscles are strong, but stiff (Str +1, Dex -1).
You are weak (Str -1).


   Skills:
 - Level 3.0 Fighting
 * Level 3.7 Long Blades
 - Level 3.2 Armour
 + Level 3.4 Shields


You had 2 spell levels left.
You didn't know any spells.

Dungeon Overview and Level Annotations

Branches:
Dungeon (3/27)

Altars:

Annotations
D:2 Sigmund

Inventory:

Hand weapons
 a - a +0,+0 falchion (weapon)
Missiles
 h - a throwing net (quivered)
Armour
 b - a +0 scale mail (worn)
 c - a +0 shield (worn)
Scrolls
 d - a scroll of blinking {unknown}
 e - a scroll of remove curse {unknown}
 f - 3 scrolls of identify {unknown}
 n - a scroll of noise {unknown}
Potions
 g - 2 potions of curing {unknown}

...#...#......
........#.....
....#........
#.#.#....).#
#.#.#......# #
#.#.##.....####..
#.##.#.!..<.........
#......o....#.#.....
#....@$g....o......
#...........#......
#...?......##....#.
#.................
+................
#.....#.#.......
##.#..#.#+####
#.#..#.. ..#..


You could see an orc priest, an orc and a goblin.


Message History

The rat bites you. It hits you!
You can move again.
Unknown command.
Unknown command.
Unknown command.
There is an open door here.
There is an open door here.
There is an open door here.
There is an open door here.
You reach down and open the door.
You are confused.
The rat bites you but does no damage.
Unknown command.
Unknown command.
Ouch! Sigmund appears from thin air!
Reactivating autopickup.
The rat bites you but does no damage.
Sigmund points at you and mumbles some strange words.
The puff of flame hits you! You resist. The rat closely misses you.
You are starting to lose your buoyancy.
There is an open door here.
Unknown command.
Unknown command.
Unknown command.
The rat bites you but does no damage. The rat bites you but does no damage.
The rat bites you but does no damage. The rat barely misses you.
You feel less confused. The rat bites you.
You reach down and open the door.
You float gracefully downwards.
The rat closely misses you.
There is an open door here.
Sigmund gestures wildly while chanting.
Sigmund flickers and vanishes!
Deactivating autopickup; reactivate with Ctrl-A.
You open the door. The rat bites you but does no damage.
There is an open door here.
You feel a little less clever now.
There is a stone staircase leading down here.
You block the rat's attack.
You climb downwards.
A goblin and an orc priest come into view.
The orc priest shouts!
The goblin shouts!
Found four items.
Found a stone staircase leading down.
There is a stone staircase leading up here.
Unknown command.
An orc comes into view. It is wielding an orcish short sword.
The orc shouts!
The rat bites you.
You hit the rat.
You kill the rat!
The goblin hits you but does no damage.
An orc wizard comes into view. It is wielding an orcish dagger.
Unknown command.
The goblin hits you but does no damage. You block the goblin's attack.
The goblin hits you but does no damage.
There is a stone staircase leading up here.
The orc priest mumbles some strange prayers to Beogh.
You feel a wave of unholy energy pass over you.
The goblin hits you but does no damage.
The orc priest's eyes start to glow.
The orc priest mumbles some strange prayers to Beogh against you.
Something smites you!
* * * LOW HITPOINT WARNING * * *
You see here 7 gold pieces.
The orc priest mumbles some strange prayers to Beogh against you.
Something smites you!
You die...

Action                   || total
-------------------------++-------
Melee: Falchion          ||   131
Throw: Throwing net      ||     1
  Use: Potion            ||     5

Vault maps used:
D:1:      dpeg_entry_short_road
D:2:      first_bread, nemelex_diamond_rough_becter, uniq_sigmund
D:3:      uniq_iyjb, uniq_purgy

Notes
Turn   | Place    | Note
--------------------------------------------------------------
     0 | D:1      | Bloax, the Djinni Fighter, began the quest for the Orb.
     0 | D:1      | Reached XP level 1. HP: 16/16 MP: 0/0
   118 | D:1      | Reached XP level 2. EP: 20/22
   169 | D:1      | Reached skill level 3 in Long Blades
   412 | D:1      | HP: 4/22 [giant gecko (2)]
   688 | D:1      | Reached XP level 3. EP: 29/29
   900 | D:2      | Reached skill level 3 in Fighting
   924 | D:2      | Noticed Sigmund
   937 | D:2      | Gained mutation: You are weak (Str -1). [potion of mutation]
   937 | D:2      | Gained mutation: You are agile (Dex +1). [potion of mutation]
   937 | D:2      | Gained mutation: Your muscles are strong, but stiff (Str +1, Dex -1). [potion of mutation]
   941 | D:2      | Paralysed by a potion of paralysis for 3 turns
  1007 | D:3      | Killed from afar by an orc priest

Vanquished Creatures
  An adder (D:2)
  An inept feature mimic (D:2)
  A giant gecko (D:1)
  An ooze (D:1)
  A ball python (D:1)
  A giant cockroach (D:1)
  4 goblins (D:1)
  5 hobgoblins
  4 bats
  5 giant newts
  6 kobolds
  6 rats
36 creatures vanquished.

Vanquished Creatures (others)
  A giant newt (D:1)
1 creature vanquished.

Grand Total: 37 creatures vanquished
